 Dungeon Crawl Stone Soup version 0.29.1-12-g30fa7ad0bf (webtiles) character file.

Game seed: 9664625268946040043

15243 cheesebisquit the Peltast (level 11, 0/95 HPs)
             Began as a Minotaur Berserker on Dec 24, 2022.
             Was a Believer of Trog.
             Slain by a two-headed ogre
             ... wielding a +0 giant spiked club
              (14 damage)
             ... on level 12 of the Dungeon.
             The game lasted 00:42:42 (13640 turns).

cheesebisquit the Peltast (Minotaur Berserker)     Turns: 13640, Time: 00:42:43

Health: 0/95       AC: 16    Str: 26    XL:     11   Next: 99%
Magic:  0/10       EV:  8    Int:  4    God:    Trog [**....]
Gold:   700        SH:  8    Dex: 10    Spells: 10/10 levels left

rFire   . . .      SeeInvis .   a - +0 war axe
rCold   . . .      Faith    .   s - +1 buckler
rNeg    . . .      Spirit   +   y - +2 plate armour
rPois   +          Reflect  .   (helmet restricted)
rElec   .          Harm     .   M - +0 cloak
rCorr   .          Rampage  .   (no gloves)
Will    +++..                   (no boots)
Stlth   ..........              J - amulet of guardian spirit
HPRegen 1.25/turn               v - ring of willpower
MPRegen 0.12/turn               r - ring of poison resistance

@: mighty, about to teleport, strong-willed, regenerating
A: horns 2, retaliatory headbutt
a: Renounce Religion, Berserk, Trog's Hand


You were on level 12 of the Dungeon.
You worshipped Trog.
Trog was pleased with you.
You visited 1 branch of the dungeon, and saw 12 of its levels.

You collected 700 gold pieces.

Inventory:

Hand Weapons
 a - a +0 war axe (weapon)
 b - a +4 vorpal sling
 C - a +3 hand axe
Missiles
 i - 114 stones
 t - 11 poisoned darts
 w - a throwing net
 L - 4 atropa-tipped darts (quivered)
Armour
 l - a +0 ring mail
 s - a +1 buckler (worn)
 y - a +2 plate armour (worn)
 M - a +0 cloak (worn)
 N - the +0 cloak of Valour {+Inv rF- rN+}
   (You found it on level 9 of the Dungeon)

   rF:        It makes you vulnerable to fire.
   rN:        It protects you from negative energy.
   +Inv:      It lets you turn invisible.
 P - a +0 animal skin
Jewellery
 r - a ring of poison resistance (right hand)
 v - a ring of willpower (left hand)
 F - a ring of ice
 J - an amulet of guardian spirit (around neck)
Wands
 u - a wand of iceblast (11)
 D - a wand of polymorph (2)
 G - a wand of quicksilver (6)
 H - a wand of flame (3)
 K - a wand of paralysis (12)
Scrolls
 c - 3 scrolls of magic mapping
 d - a scroll of identify
 h - 3 scrolls of teleportation
 k - 2 scrolls of vulnerability
 o - 3 scrolls of immolation
 p - a scroll of butterflies
 B - a scroll of summoning {unknown}
 E - a scroll of silence {unknown}
 O - a scroll of acquirement {unknown}
 Q - a scroll of poison {unknown}
 R - a scroll of enchant armour
Potions
 e - a potion of attraction {unknown}
 f - a potion of magic
 g - 6 potions of curing
 j - 3 potions of ambrosia
 m - a potion of flight
 n - 2 potions of cancellation
 q - 3 potions of haste
 x - a potion of lignification
 z - 2 potions of invisibility
 A - 3 potions of might
 I - a potion of resistance {unknown}


   Skills:
 + Level 8.5 Fighting
 - Level 14.3 Axes
 + Level 8.0 Armour
 - Level 2.4 Dodging
 - Level 15.1 Shields


You had 10 spell levels left.
You didn't know any spells.
Your spell library was empty.

Dungeon Overview and Level Annotations

Branches:
Dungeon (12/15)            Temple (0/1) D:4            Lair (0/5) D:8
    Orc (0/2) D:9

Altars:
Ashenzari
Cheibriados
Dithmenos
Elyvilon
Fedhas
Gozag
Hepliaklqana
Kikubaaqudgha
Okawaru
Sif Muna
Trog
Xom
Yredelemnul
Zin

Annotations:
D:4 4 runed translucent doors
D:8 3 runed translucent doors, hawla's ghost, novice MeFE
D:11 1 runed translucent door, cowcol's ghost, journeyman MiFi


Innate Abilities, Weirdness & Mutations

You have a pair of horns on your head.
You reflexively headbutt those who attack you in melee.


Message History

You recover from your berserk rage.
Your skin crawls.
You feel strong-willed. The manticore bites you!
The manticore closely misses you. x2
You slash the two-headed ogre!
The two-headed ogre is moderately wounded.
You slash the manticore! The manticore misses you.
The manticore barely misses you.
The manticore claws you but does no damage.
The two-headed ogre hits you with a +0 giant spiked club!
The two-headed ogre barely misses you.
You slice the two-headed ogre!! You headbutt the two-headed ogre.
The two-headed ogre is severely wounded.
You slash the manticore! The manticore bites you!
The manticore claws you but does no damage.
You block the manticore's attack.
The two-headed ogre hits you with a +0 giant spiked club!!
The two-headed ogre closely misses you.
You feel very mighty all of a sudden. The manticore bites you.
The manticore claws you but does no damage. x2
Okay, then.
Okay, then.
As you read the scroll of teleportation, it crumbles to dust.
You feel strangely unstable.
The manticore bites you but does no damage.
You block the manticore's attack. The manticore claws you.
The two-headed ogre hits you with a +0 giant spiked club!
* * * LOW HITPOINT WARNING * * *
You block the two-headed ogre's attack. The manticore attacks as you move away!
You block the manticore's attack. The manticore barely misses you.
The manticore claws you but does no damage.
The manticore flicks its tail.
The volley of spikes misses you.
The two-headed ogre attacks as you move away!
The two-headed ogre hits you with a +0 giant spiked club!
* * * LOW HITPOINT WARNING * * *
The two-headed ogre hits you with a +0 giant club!
You die...

.........#####.#
.........# #.#
.......... ##.#
.......... #..#
.#.#......###.##
..#....:.....#
#..........###
(###.......#
#....@..#
#....O..#
#...H...#
..........#
###....!..#
#.......#
#...>...#
#.......#
#########


You could see a two-headed ogre and a manticore.

Vanquished Creatures
  Fannar (D:10)
  Erolcha (D:10)
  Erica (D:10)
  3 two-headed ogres
  Amaemon (D:11)
  Pikel (D:5)
  A cyclops (D:11)
  Maurice (D:10)
  Joseph (D:9)
  An orange demon (D:11)
  2 unseen horrors
  A gargoyle (D:10)
  Psyche (D:9)
  A troll (D:11)
  Grinder (D:4)
  3 slime creatures (D:12)
  A wraith (D:9)
  Sigmund (D:3)
  A shadow (D:11)
  A vampire (D:11)
  A wyvern (D:7)
  Eustachio (D:4)
  9 yaks (D:8)
  2 steam dragons
  An acid dragon (D:8)
  2 water moccasins
  Duvessa (D:7)
  4 orc warriors
  2 ice beasts
  A black bear (D:5)
  4 sky beasts
  A hornet zombie (D:7)
  3 centaurs
  2 phantoms
  2 bullfrogs (D:9)
  3 necrophages
  A gnoll sergeant (D:4)
  5 scorpions
  2 water moccasin zombies (D:7)
  6 wights
  Dowan (D:7)
  4 killer bees (D:9)
  5 howler monkeys
  2 centaur zombies (D:7)
  8 hounds
  2 jellies
  A human zombie (D:7)
  4 orc priests
  3 gnoll boudas
  4 iguanas
  7 orc wizards
  A killer bee zombie (D:7)
  A howler monkey zombie (D:7)
  21 gnolls
  9 adders
  2 shadow imps
  A white imp (D:6)
  2 worms (D:3)
  A dart slug (D:2)
  37 orcs
  4 bats (D:3)
  8 endoplasms
  4 giant cockroaches
  8 goblins
  2 hobgoblins
  7 jackals
  5 quokkas
  4 ball pythons
  3 frilled lizards
  7 kobolds
  6 rats
  2 butterflies (D:7)
254 creatures vanquished.

Notes
Turn   | Place    | Note
-------+----------+-------------------------------------------
     0 | D:1      | cheesebisquit the Minotaur Berserker began the quest for
                  | the Orb.
     0 | D:1      | Reached XP level 1. HP: 19/19 MP: 0/0
   371 | D:1      | Found a faded altar of an unknown god.
   462 | D:1      | Reached XP level 2. HP: 22/27 MP: 1/1
  1388 | D:2      | Reached XP level 3. HP: 30/33 MP: 2/2
  1794 | D:3      | Reached ** piety under Trog
  1827 | D:3      | Reached skill level 5 in Axes
  2085 | D:3      | Reached XP level 4. HP: 40/40 MP: 3/3
  2206 | D:3      | Identified the +3 falchion of Cobwebs {vorpal, Int+4 Dex+3}
  2296 | D:3      | Noticed Sigmund
  2306 | D:3      | Killed Sigmund
  2307 | D:3      | Reached XP level 5. HP: 46/46 MP: 4/4
  2674 | D:4      | Reached XP level 6. HP: 52/52 MP: 5/5
  2930 | D:4      | Found a large runed translucent door.
  2930 | D:4      | Found a large runed translucent door.
  2943 | D:4      | Noticed Grinder
  2951 | D:4      | Killed Grinder
  2952 | D:4      | Reached XP level 7. HP: 58/58 MP: 6/6
  2989 | D:4      | Found a large runed translucent door.
  2989 | D:4      | Found a large runed translucent door.
  2989 | D:4      | Noticed a steam dragon
  3018 | D:4      | Found a white marble altar of Elyvilon.
  3081 | D:4      | Reached skill level 10 in Axes
  3407 | D:4      | Noticed Eustachio
  3440 | D:4      | Killed Eustachio
  3441 | D:4      | Reached XP level 8. HP: 24/66 MP: 7/7
  3747 | D:4      | Found an iron altar of Okawaru.
  3976 | D:4      | Found a staircase to the Ecumenical Temple.
  4087 | D:4      | HP: 2/66 [gnoll sergeant/+2 vampiric trident (8)]
  4182 | D:5      | Entered Level 5 of the Dungeon
  4643 | D:5      | Noticed Pikel
  4654 | D:5      | Killed Pikel
  4655 | D:5      | Reached XP level 9. HP: 71/71 MP: 8/8
  4656 | D:5      | Reached skill level 1 in Shields
  4830 | D:5      | Reached skill level 2 in Shields
  4844 | D:5      | Found a shimmering blue altar of Sif Muna.
  4975 | D:5      | Reached skill level 3 in Shields
  5218 | D:6      | Reached skill level 4 in Shields
  5343 | D:6      | Found a broken altar of Ashenzari.
  5421 | D:6      | Reached skill level 5 in Shields
  5909 | D:6      | Reached skill level 6 in Shields
  5980 | D:6      | Reached *** piety under Trog
  6487 | D:7      | Reached skill level 7 in Shields
  6506 | D:7      | Reached skill level 8 in Shields
  6967 | D:7      | Found a bloodstained altar of Trog.
  7053 | D:7      | Found a shimmering altar of Xom.
  7071 | D:7      | Reached skill level 9 in Shields
  7333 | D:7      | Found an opulent altar of Gozag.
  7419 | D:7      | Found a basalt altar of Yredelemnul.
  7483 | D:7      | Noticed Dowan
  7484 | D:7      | Noticed Duvessa
  7491 | D:7      | Killed Duvessa
  7492 | D:7      | Reached XP level 10. HP: 78/78 MP: 9/9
  7497 | D:7      | Killed Dowan
  7661 | D:7      | Reached skill level 10 in Shields
  8040 | D:7      | Reached **** piety under Trog
  8259 | D:7      | Reached skill level 11 in Shields
  8362 | D:7      | Found an ancient bone altar of Kikubaaqudgha.
  8573 | D:8      | Noticed hawla's ghost (novice MeFE)
  8573 | D:8      | Noticed a centaur warrior
  8576 | D:8      | Found a runed translucent gate.
  8576 | D:8      | Found a runed translucent gate.
  8578 | D:8      | Found a staircase to the Lair.
  8636 | D:8      | Reached skill level 12 in Shields
  9112 | D:8      | Reached skill level 13 in Shields
  9240 | D:8      | Found a glowing silver altar of Zin.
  9241 | D:8      | Found a shadowy altar of Dithmenos.
  9582 | D:8      | Found a runed translucent gate.
  9790 | D:9      | Identified the +0 cloak of Valour {+Inv rF- rN+}
  9800 | D:9      | Found a staircase to the Orcish Mines.
  9832 | D:9      | Noticed Psyche
  9838 | D:9      | Killed Psyche
 10077 | D:9      | Reached skill level 14 in Shields
 10198 | D:9      | Found a snail-covered altar of Cheibriados.
 10334 | D:9      | Found a hazy altar of Hepliaklqana.
 10394 | D:9      | Noticed Joseph
 10408 | D:9      | Killed Joseph
 10409 | D:9      | Reached XP level 11. HP: 67/83 MP: 7/10
 10776 | D:10     | Entered Level 10 of the Dungeon
 10905 | D:10     | Noticed Fannar
 10926 | D:10     | Killed Fannar
 11064 | D:10     | Noticed Erolcha
 11073 | D:10     | Killed Erolcha
 11074 | D:10     | Reached skill level 15 in Shields
 11259 | D:10     | Found a blossoming altar of Fedhas.
 11302 | D:10     | Noticed Erica
 11311 | D:10     | Killed Erica
 11362 | D:10     | Noticed Maurice
 11375 | D:10     | Killed Maurice
 11376 | D:10     | Reached skill level 5 in Fighting
 11963 | D:11     | Found a gate leading to a gauntlet.
 12016 | D:11     | Found a runed translucent door.
 12017 | D:11     | Noticed cowcol's ghost (journeyman MiFi)
 12030 | D:11     | Reached skill level 5 in Armour
 12489 | D:11     | Noticed Amaemon
 12491 | D:11     | Noticed a two-headed ogre
 12526 | D:11     | Killed Amaemon
 12837 | D:11     | Killed a two-headed ogre
 12869 | D:11     | Noticed a two-headed ogre
 12878 | D:11     | Killed a two-headed ogre
 13571 | D:12     | Noticed a two-headed ogre
 13579 | D:12     | Killed a two-headed ogre
 13630 | D:12     | Noticed a two-headed ogre
 13640 | D:12     | Slain by a two-headed ogre

Illustrated notes

Levels and vault maps discovered:
D:1:      sevenhm_arrival_forest_fort_small_5, layout_loops_corners,
          hellmonk_ecumenical_altar_lost_god, minmay_misc_feat_four_crosses
D:2:      layout_basic
D:3:      layout_loops_ring, minivault_11, eino_curves_01,
          roderic_roman_lattice, minmay_joined_circles, uniq_sigmund
D:4:      layout_basic, kennysheep_little_box, mainiacjoe_overflow_24_doors,
          minmay_temple_entry_nine_rooms, minmay_hollow_rounded_squares,
          uniq_eustachio, uniq_grinder
D:5:      layout_loops_ring, led_sif_pool, uniq_pikel
D:6:      layout_loops_corners, mainiacjoe_overflow_chevrons
D:7:      layout_loops_ring, mainiacjoe_overflow_alcove_4, xom_butterflies,
          bloody_trog, lemuel_mausoleum_altar_kikubaaqudgha, marbit_many_paths,
          chequers_serial_rivers_small_b, kennysheep_small_square, uniq_duvessa
D:8:      layout_loops_ring, mainiacjoe_overflow_divided_tiny,
          gammafunk_ghost_split
D:9:      layout_basic, mainiacjoe_overflow_tiny_flanked,
          mainiacjoe_overflow_boulevard, enter_bailey_3, uniq_joseph,
          uniq_psyche
D:10:     layout_small_grid, fedhas_altar_1, uniq_erolcha, uniq_fannar,
          uniq_erica, uniq_maurice
D:11:     layout_loops_cross, gauntlet_entry_generic,
          hellmonk_ghost_happy_afterlife, uniq_amaemon
D:12:     layout_rooms

Skill      XL: |  1  2  3  4  5  6  7  8  9 10 11 |
---------------+----------------------------------+-----
Axes           | 4 5 7 8 9 11 14 | 14.3
Shields        | 9 14 15 | 15.1
Fighting       | 8 |  8.5
Armour         | 8 |  8.0
Dodging        | |  2.4

Action                   |  1- 3 |  4- 6 |  7- 9 | 10-12 || total
-------------------------+-------+-------+-------+-------++-------
Melee: Hand axe          |    81 |    49 |   276 |       ||   406
       Headbutt          |    18 |    10 |    60 |    91 ||   179
       War axe           |       |       |    73 |   438 ||   511
Invok: Berserk           |       |     3 |     9 |    17 ||    29
       Trog's Hand       |       |     2 |     6 |    17 ||    25
Evoke: Wand              |       |       |       |     1 ||     1
  Use: Scroll            |       |       |    10 |    10 ||    20
       Potion            |       |       |     6 |     5 ||    11
 Stab: Distracted        |       |       |     1 |       ||     1
Armor: Animal skin       |     9 |       |       |       ||     9
       Ring mail         |    12 |       |       |       ||    12
       Chain mail        |       |    25 |   103 |    33 ||   161
       Plate armour      |       |       |       |   175 ||   175
Dodge: Dodged            |    44 |    17 |    98 |    97 ||   256
Block: Buckler           |       |       |    34 |   128 ||   162
